 Dungeon Crawl Stone Soup version 0.22-a0-430-g6609fc6 (webtiles) character file.

75 MisterFreud the Insei (level 4, -3/28 HPs)
             Began as an Octopode Transmuter on May 26, 2018.
             Slain by Sigmund
             ... wielding a +0 scythe
              (9 damage)
             ... on level 2 of the Dungeon.
             The game lasted 00:02:34 (1420 turns).

MisterFreud the Insei (Octopode Transmuter)         Turns: 1420, Time: 00:02:34

Health: -3/28      AC:  1    Str: 14    XL:     4   Next: 31%
Magic:  4/7        EV: 18    Int: 21    God:
Gold:   86         SH:  0    Dex: 17    Spells: 1/7 levels left

rFire    . . .     SeeInvis .     - Unarmed
rCold    . . .     Gourm    .   (no shield)
rNeg     . . .     Faith    .   (helmet restricted)
rPois    .         Spirit   .   (no amulet)
rElec    .         Reflect  .   (no ring)
rCorr    .         Harm     .   (no ring)
MR       .....                  (no ring)
Stlth    +++.......             (no ring)
HPRegen  0.09/turn              (no ring)
MPRegen  0.10/turn              (no ring)
                                (no ring)
                                (no ring)

@: confused, mighty, brilliant, agile, very slightly contaminated, drained
A: almost no armour, stealthy swim, amphibious, 8 rings, constrict 8, camouflage
1, gelatinous body 1
a: no special abilities


You were on level 2 of the Dungeon.
You were hungry.

You visited 1 branch of the dungeon, and saw 2 of its levels.

You collected 86 gold pieces.

Inventory:

Missiles
 a - 12 arrows
Scrolls
 b - 4 scrolls of identify {unknown}
 d - 2 scrolls of fog {unknown}
 f - a scroll of enchant armour {unknown}
 h - a scroll of teleportation {unknown}
 i - a scroll of remove curse {unknown}
 l - a scroll of fear {unknown}
 m - a scroll of amnesia {unknown}
Potions
 j - a potion of brilliance
Comestibles
 c - 2 rations


   Skills:
 - Level 1.0(0.1) Fighting
 - Level 2.0(1.0) Dodging
 * Level 5.0(4.0) Unarmed Combat
 - Level 2.0(1.0) Spellcasting
 - Level 2.0(1.0) Transmutations


You had one spell level left.
You knew the following spells:

 Your Spells              Type           Power        Failure   Level  Hunger
a - Beastly Appendage     Tmut           ###...       1%          1    ##.....
b - Sticks to Snakes      Tmut           ###.....     1%          2    ###....
c - Spider Form           Tmut/Pois      ###.......   4%          3    ####...

Your spell library contained the following spells:

 Spells                   Type           Power        Failure   Level  Hunger
 Blade Hands              Tmut           ###.......   28%         5    ######.
 Ice Form                 Ice/Tmut       ###.....     14%         4    #####..


Dungeon Overview and Level Annotations

Branches:
Dungeon (2/15)

Altars:
Nemelex Xobeh

Annotations:
D:2 Sigmund


Innate Abilities, Weirdness & Mutations

You cannot wear most types of armour.
You are very stealthy in the water. (Stealth+)
You are amphibious.
You can wear up to eight rings at the same time.
You can use your tentacles to constrict eight enemies at once.
Your skin changes colour to match your surroundings (Stealth+).
Your rubbery body absorbs attacks. (AC +1, EV +1)


Message History

You feel agile all of a sudden.
You hear some strange, mumbled words.
You are confused.
It was a potion of heal wounds.
You feel much better.
You hear some strange, mumbled words.
Something tries to affect you, but you resist.
Okay, then.
You closely miss something. Something hits you.
You closely miss something. You closely miss something.
You hear some strange, mumbled words.
A puff of flame appears from out of thin air!
The puff of flame hits you!
A magic dart appears from out of thin air!
The magic dart hits you!
* * * LOW HITPOINT WARNING * * *
It was a potion of might.
You feel very mighty all of a sudden. Something hits you!
You die...

####................
##.##..#####.#.####.#
##...#..# # #..
##.......# ###
#........# #
##.....#.# #
##...##.# #
#####.###.#####. #
#.......@.........
#.####.#.########.
##### #.#{# .....
#.... ##### ...#..
... ... #.....###
#... .# #... ?.


There were no monsters in sight!

Vanquished Creatures
  Terence (D:2)
  An adder (D:2)
  A worm (D:2)
  5 dart slugs
  2 bats (D:1)
  A giant cockroach (D:1)
  4 goblins (D:1)
  2 hobgoblins (D:2)
  4 jackals (D:2)
  2 kobolds
  A ball python (D:2)
  3 frilled lizards
  A rat (D:1)
28 creatures vanquished.

Notes
Turn   | Place    | Note
-------+----------+-------------------------------------------
     0 | D:1      | MisterFreud the Octopode Transmuter began the quest for the Orb.
     0 | D:1      | Reached XP level 1. HP: 13/13 MP: 3/3
    64 | D:1      | Reached XP level 2. HP: 18/18 MP: 5/5
    85 | D:1      | Learned a level 2 spell: Sticks to Snakes
   704 | D:2      | Reached skill level 4 in Unarmed Combat
   746 | D:2      | Reached XP level 3. HP: 18/23 MP: 6/6
   833 | D:2      | Found a sparkling altar of Nemelex Xobeh.
  1065 | D:2      | Learned a level 3 spell: Spider Form
  1200 | D:2      | Noticed Terence
  1212 | D:2      | Killed Terence
  1212 | D:2      | Reached skill level 5 in Unarmed Combat
  1212 | D:2      | Reached XP level 4. HP: 14/28 MP: 3/7
  1378 | D:2      | Noticed Sigmund
  1420 | D:2      | Slain by Sigmund

Vault maps used:
D:1:      tarquinn_simple_flora_water_f
D:2:      nemelex_xobeh_ov_fountains_minmay, first_ration,
          minmay_misc_feat_alley, uniq_terence, uniq_sigmund

Skill      XL: |  1  2  3 |
---------------+----------+-----
Unarmed Combat | 4 5 |  5.0
Fighting       | |  1.0
Dodging        | |  2.0
Spellcasting   | |  2.0
Transmutations | |  2.0

Action                   |  1- 3 |  4- 6 || total
-------------------------+-------+-------++-------
Melee: Unarmed           |    67 |    18 ||    85
       Tentacles         |    15 |     2 ||    17
       Constrict         |    17 |     1 ||    18
       Punch             |     2 |       ||     2
 Cast: Spider Form       |     1 |     1 ||     2
  Use: Potion            |       |     5 ||     5
 Stab: Sleeping          |     5 |     1 ||     6
  Eat: Chunk             |     1 |       ||     1
Armor: Skin              |     5 |       ||     5
Dodge: Dodged            |    35 |     9 ||    44

Table legend:
 A = Spawn XP
 B = Non-spawn XP
 C = Spawn XP percentage of total XP
 D = Spawn monster count
 E = Non-spawn monster count
 F = Spawn count percentage of total count
 G = Total turns spent on level
                    A         B        C        D         E        F      G
               +---------+---------+-------+---------+---------+-------+---------
         Total |       0 |     108 |   0.0 |       0 |      28 |   0.0 |  1420
               +---------+---------+-------+---------+---------+-------+---------
           D:1 |       0 |      25 |   0.0 |       0 |      12 |   0.0 |   618
           D:2 |       0 |      83 |   0.0 |       0 |      16 |   0.0 |   802
               +---------+---------+-------+---------+---------+-------+---------
